 Dungeon Crawl Stone Soup version 0.21.1-1-g345015f (webtiles) character file.

10381 aMcNicky the Basher (level 11, -1/101 HPs)
             Began as a Minotaur Fighter on Mar 3, 2018.
             Slain by an eight-headed hydra (7 damage)
             ... on level 9 of the Dungeon.
             The game lasted 00:47:36 (11144 turns).

aMcNicky the Basher (Minotaur Fighter)             Turns: 11144, Time: 00:47:37

Health: -1/101     AC: 13    Str: 23    XL:     11   Next: 35%
Magic:  10/10      EV: 10    Int:  5    God:
Gold:   648        SH:  0    Dex: 11    Spells: 10/10 levels left

rFire    + + +     SeeInvis .   C - +7 great mace "Firestarter" {inner flame, rF++}
rCold    . . .     Gourm    .   (shield currently unavailable)
rNeg     + . .     Faith    .   b - +0 scale mail
rPois    +         Spirit   .   (helmet restricted)
rElec    +         Reflect  .   (no cloak)
rCorr    +         Harm     .   N - +1 pair of gloves
MR       .....                  x - +1 pair of boots
Stlth    ..........             (no amulet)
HPRegen  0.26/turn              F - ring of Neurosis {Fire rPois rN+}
MPRegen  0.12/turn              (no ring)

@: resistant
A: retaliatory headbutt, horns 2, blurry vision 1, sturdy frame 1
a: no special abilities


You were on level 9 of the Dungeon.
You were not hungry.

You visited 2 branches of the dungeon, and saw 11 of its levels.

You collected 678 gold pieces.
You spent 30 gold pieces at shops.

Inventory:

Hand Weapons
 a - a +0 flail
 i - a +2 mace of crushing
 C - the +7 great mace "Firestarter" (weapon) {inner flame, rF++}
   (You found it on level 1 of the Lair of Beasts)

   It has been specially enchanted to burn those struck by it, causing extra
   injury to most foes and up to half again as much damage against particularly
   susceptible opponents.
   It greatly protects you from fire.
Missiles
 q - 12 tomahawks (quivered)
 z - 4 tomahawks of returning
Armour
 b - a +0 scale mail (worn)
 c - a +0 shield
 x - a +1 pair of boots (worn)
 N - a +1 pair of gloves (worn)
Magical Staves
 J - an uncursed staff of earth {unknown}
Jewellery
 F - the ring of Neurosis (left hand) {Fire rPois rN+}
   (You found it on level 7 of the Dungeon)

   [ring of fire]

   It enhances your fire magic.
   It protects you from fire.
   It makes you vulnerable to cold.
   It protects you from poison.
   It protects you from negative energy.
Wands
 o - a wand of flame (29)
 w - a wand of random effects (61)
 y - a wand of paralysis (14)
 D - a wand of disintegration (32)
 E - a wand of polymorph (9)
 K - a wand of iceblast (10)
Scrolls
 e - 2 scrolls of magic mapping {unknown}
 g - a scroll of blinking {unknown}
 j - 7 scrolls of teleportation
 k - a scroll of fear {unknown}
 m - 3 scrolls of remove curse {@r2}
 t - 2 scrolls of enchant armour {unknown}
 B - 3 scrolls of noise {unknown}
 G - a scroll of amnesia {unknown}
 H - a scroll of random uselessness {unknown}
 I - a scroll of enchant weapon {unknown}
Potions
 h - 4 potions of curing {@q1}
 l - 2 potions of magic {unknown}
 n - 3 potions of mutation
 p - 2 potions of lignification
 r - a potion of cancellation {unknown}
 u - a potion of agility {unknown}
 L - a potion of flight {unknown}
Books
 d - a book of Maledictions

   Spells                             Type                      Level
   a - Corona                         Hexes                        1
   b - Ensorcelled Hibernation        Hexes/Ice                    2
   c - Confuse                        Hexes                        3
   d - Tukima's Dance                 Hexes                        3
   e - Dazzling Spray                 Conjuration/Hexes            3
 v - a book of Minor Magic

   Spells                             Type                      Level
   a - Magic Dart                     Conjuration                  1
   b - Blink                          Translocation                2
   c - Call Imp                       Summoning                    2
   d - Slow                           Hexes                        2
   e - Conjure Flame                  Conjuration/Fire             3
   f - Mephitic Cloud                 Conjuration/Poison/Air       3
Comestibles
 f - 19 rations
 A - 5 chunks of flesh


   Skills:
 + Level 10.3 Fighting
 * Level 13.2 Maces & Flails
 + Level 10.4 Armour
 + Level 10.3 Shields


You had 10 spell levels left.
You didn't know any spells.

Dungeon Overview and Level Annotations

Branches:
Dungeon (10/15)              Lair (1/6) D:9
 Temple: D:4-7          Orc: D:9-12

Altars:
Dithmenos
Gozag
Kikubaaqudgha
Nemelex Xobeh
Uskayaw
Vehumet
Xom
Yredelemnul
The Shining One

Shops:
D:4 *   D:5 =(!?   D:9 (%**(

Annotations:
Lair:1 Joseph


Innate Abilities, Weirdness & Mutations

You reflexively headbutt those who attack you in melee.
You have a pair of horns on your head.
Scrolls take you a little longer to read.
Your movements are slightly less encumbered by armour. (ER -2)


Message History

Joseph shoots a sling bullet.
The sling bullet hits you but does no damage.
The eight-headed hydra bites you!
* * * LOW HITPOINT WARNING * * *
The eight-headed hydra closely misses you.
The eight-headed hydra bites you but does no damage.
The eight-headed hydra bites you.
* * * LOW HITPOINT WARNING * * *
The eight-headed hydra closely misses you. x2
The eight-headed hydra bites you.
* * * LOW HITPOINT WARNING * * *
The eight-headed hydra barely misses you.
You climb upwards.
Welcome back to the Dungeon!
There is a staircase to the Lair here.
There is an open door here.
Okay, then.
It was a potion of resistance.
You feel protected. The eight-headed hydra bites you!
You die...

# # ### #
###########.####
####...##.##....#.##
#.####........#....#
##.# ##............#
#.###.#............
#.@#รท#..##....#....
###D..#...#..#..#..
#..######.#.#####.
##...# ##.## ##
##### ###


You could see an eight-headed hydra.

Vanquished Creatures
  A two-headed ogre (D:9)
  The ghost of soepske the Covert, a novice KoFi of Wu Jian (D:8)
  Maurice (D:9)
  A spiny frog (Lair:1)
  The ghost of buskinjo2 the Cudgeler, a novice OpFi (D:6)
  A hornet (D:9)
  The ghost of buskinjo2 the Cudgeler, an amateur OpFi (D:4)
  2 hippogriffs (D:8)
  Sigmund (D:5)
  A wraith (D:9)
  3 wyverns
  14 yaks
  A human (D:9)
  Menkaure (D:5)
  Duvessa (D:4)
  An acid dragon (D:9)
  2 orc warriors
  A black bear (D:9)
  A sky beast (D:7)
  4 phantoms
  4 ogres
  2 centaurs
  2 crocodiles (D:9)
  5 bullfrogs
  Dowan (D:4)
  4 scorpions
  3 wights (D:9)
  15 killer bees
  2 howler monkeys
  3 crimson imps
  A bullfrog zombie (D:5)
  A quasit (D:9)
  3 human zombies (D:9)
  2 bullfrog skeletons
  A centaur skeleton (D:9)
  A gnoll shaman (D:4)
  6 orc priests
  5 orc wizards
  3 iguanas
  3 human skeletons (D:9)
  9 worker ants
  A hound zombie (D:5)
  2 mummies (D:9)
  11 gnolls
  15 adders
  2 howler monkey skeletons
  2 shadow imps
  An ooze (D:1)
  An adder zombie (D:6)
  An adder skeleton (D:4)
  6 worms
  3 dart slugs
  7 leopard geckos
  26 orcs
  6 giant cockroaches
  11 goblins
  7 hobgoblins
  6 jackals (D:4)
  10 kobolds
  2 quokkas
  A ball python (D:1)
  6 bats
  9 frilled lizards
  2 leopard gecko skeletons
  A leopard gecko zombie (D:5)
  A quokka skeleton (D:4)
  7 rats
263 creatures vanquished.

Vanquished Creatures (others)
  A fungus (Lair:1)
1 creature vanquished.

Grand Total: 264 creatures vanquished

Notes
Turn   | Place    | Note
-------+----------+-------------------------------------------
     0 | D:1      | aMcNicky the Minotaur Fighter began the quest for the Orb.
     0 | D:1      | Reached XP level 1. HP: 19/19 MP: 0/0
   117 | D:1      | Reached XP level 2. HP: 27/27 MP: 1/1
   483 | D:1      | Reached skill level 3 in Maces & Flails
   489 | D:1      | Reached XP level 3. HP: 33/33 MP: 2/2
  1117 | D:2      | Found a faded altar of an unknown god.
  1392 | D:2      | Reached XP level 4. HP: 40/40 MP: 3/3
  1791 | D:3      | Reached skill level 4 in Maces & Flails
  1791 | D:3      | Reached XP level 5. HP: 19/47 MP: 4/4
  2084 | D:3      | Found a shadowy altar of Dithmenos.
  2134 | D:3      | Found an ancient bone altar of Kikubaaqudgha.
  2172 | D:3      | Found a sparkling altar of Nemelex Xobeh.
  3012 | D:4      | Reached skill level 5 in Armour
  3058 | D:4      | Noticed Dowan
  3060 | D:4      | Noticed Duvessa
  3232 | D:4      | Killed Duvessa
  3232 | D:4      | Reached skill level 5 in Fighting
  3232 | D:4      | Reached skill level 5 in Maces & Flails
  3232 | D:4      | Reached skill level 5 in Shields
  3232 | D:4      | Reached XP level 6. HP: 26/56 MP: 5/5
  3244 | D:4      | Killed Dowan
  3463 | D:4      | Found a glowing golden altar of the Shining One.
  3496 | D:4      | Noticed buskinjo2's ghost (amateur OpFi)
  3516 | D:4      | Killed buskinjo2's ghost
  3516 | D:4      | Reached skill level 6 in Maces & Flails
  3516 | D:4      | Reached XP level 7. HP: 43/61 MP: 6/6
  3778 | D:4      | Found Goufet's General Store.
  3781 | D:4      | Bought a scroll of teleportation for 30 gold pieces
  4089 | D:5      | Entered Level 5 of the Dungeon
  4098 | D:5      | Found Vaiminot's Magic Scroll Emporium.
  4281 | D:5      | Noticed Sigmund
  4296 | D:5      | Gained mutation: Scrolls take you a little longer to read. [potion of mutation]
  4296 | D:5      | Gained mutation: Your movements are slightly less encumbered by armour. (ER -2) [potion of mutation]
  4309 | D:5      | Killed Sigmund
  4309 | D:5      | Reached skill level 7 in Maces & Flails
  4309 | D:5      | Reached XP level 8. HP: 29/70 MP: 7/7
  4701 | D:5      | Noticed Menkaure
  4708 | D:5      | Killed Menkaure
  4708 | D:5      | Reached skill level 8 in Maces & Flails
  5002 | D:5      | Found Jolyhyby's Weapon Shop.
  5088 | D:5      | Found Witof's Distillery.
  5176 | D:5      | Found Yfutoguw's Jewellery Emporium.
  5591 | D:6      | Noticed buskinjo2's ghost (novice OpFi)
  5604 | D:6      | Killed buskinjo2's ghost
  5604 | D:6      | Reached skill level 9 in Maces & Flails
  5604 | D:6      | Reached XP level 9. HP: 50/79 MP: 8/8
  5849 | D:6      | Noticed a hand axe
  5850 | D:6      | Noticed a dagger
  5907 | D:6      | Found a hide-covered altar of Uskayaw.
  6551 | D:7      | Reached skill level 10 in Maces & Flails
  6578 | D:7      | Got a smoking steel ring
  6581 | D:7      | Identified the ring of Neurosis {Fire rPois rN+} (You found it on level 7 of the Dungeon)
  7637 | D:7      | Found a radiant altar of Vehumet.
  7760 | D:8      | Reached XP level 10. HP: 86/90 MP: 9/9
  7771 | D:8      | Reached skill level 11 in Maces & Flails
  7886 | D:8      | Noticed soepske's ghost (novice KoFi)
  7905 | D:8      | Killed soepske's ghost
  8097 | D:8      | Found an opulent altar of Gozag.
  8774 | D:9      | Found Xeschoapsa's Food Emporium.
  8817 | D:9      | Found a shimmering altar of Xom.
  8817 | D:9      | Found a shimmering altar of Xom.
  8821 | D:9      | Found a shimmering altar of Xom.
  8832 | D:9      | Found Onnos's Weapon Shoppe.
  9045 | D:9      | Found Qoedd's Assorted Antiques.
  9078 | D:9      | Found Deonov's General Store.
  9115 | D:9      | Found Qusuod's Antique Weapon Emporium.
  9190 | D:9      | Noticed Maurice
  9244 | D:9      | Killed Maurice
  9244 | D:9      | Reached skill level 12 in Maces & Flails
  9542 | D:9      | Noticed a two-headed ogre
  9557 | D:9      | Killed a two-headed ogre
  9979 | D:9      | Found a staircase to the Lair.
 10085 | D:9      | Reached XP level 11. HP: 95/99 MP: 10/10
 10106 | D:9      | Found a basalt altar of Yredelemnul.
 10155 | D:9      | Reached skill level 10 in Armour
 10218 | D:10     | Entered Level 10 of the Dungeon
 10281 | D:10     | Reached skill level 10 in Fighting
 10293 | D:10     | Reached skill level 10 in Shields
 10519 | Lair:1   | Entered Level 1 of the Lair of Beasts
 10607 | Lair:1   | Reached skill level 13 in Maces & Flails
 11099 | Lair:1   | Found the +7 great mace "Firestarter" {inner flame, rF++}
 11109 | Lair:1   | Noticed an eight-headed hydra
 11114 | Lair:1   | Noticed Joseph
 11141 | Lair:1   | HP: 5/101 [eight-headed hydra (6)]
 11144 | D:9      | Slain by an eight-headed hydra

Skill      XL: |  1  2  3  4  5  6  7  8  9 10 11 |
---------------+----------------------------------+-----
Fighting       | 4 5 6 7 8 9 10 | 10.3
Armour         | 4 5 6 7 8 9 10 | 10.4
Shields        | 4 5 6 7 8 9 10 | 10.3
Maces & Flails | 3 4 5 6 7 9 10 12 13 | 13.2

Action                   |  1- 3 |  4- 6 |  7- 9 | 10-12 || total
-------------------------+-------+-------+-------+-------++-------
Melee: Flail             |   119 |   166 |   121 |       ||   406
       Headbutt          |    12 |    26 |    65 |    78 ||   181
       Mace              |       |       |   224 |   319 ||   543
       Great mace        |       |       |       |     1 ||     1
Throw: Tomahawk          |       |       |       |     4 ||     4
  Use: Scroll            |       |     2 |     3 |     1 ||     6
       Potion            |       |     3 |     5 |     4 ||    12
  Eat: Chunk             |     2 |     7 |     4 |     7 ||    20
       Ration            |       |       |     3 |     1 ||     4
Armor: Scale mail        |    45 |    52 |   113 |    82 ||   292
       Skin              |       |       |       |     3 ||     3
Dodge: Dodged            |    38 |    62 |   103 |    74 ||   277
Block: Shield            |    54 |    98 |   175 |   156 ||   483
